 Dungeon Crawl Stone Soup version 0.28.0-45-g0d030f2227 (webtiles) character file.

Game seed: 11741792183825802569

10 Applezz the Poker (level 2, -1/22 HPs)
             Began as a Merfolk Gladiator on Apr 15, 2022.
             Frozen to death by an endoplasm (4 damage)
             ... on level 1 of the Dungeon.
             The game lasted 00:05:01 (251 turns).

Applezz the Poker (Merfolk Gladiator)                Turns: 251, Time: 00:05:02

Health: -1/22      AC:  4    Str: 14    XL:     2   Next: 20%
Magic:  2/2        EV: 13    Int:  7    God:
Gold:   11         SH:  0    Dex: 15    Spells: 1/1 levels left

rFire   . . .      SeeInvis .   a - +0 trident
rCold   . . .      Faith    .   (no shield)
rNeg    . . .      Spirit   .   b - +0 leather armour
rPois   .          Reflect  .   c - +0 helmet
rElec   .          Harm     .   (no cloak)
rCorr   .          Rampage  .   (no gloves)
Will    .....                   (no boots)
Stlth   +.........              (no amulet)
HPRegen 0.07/turn               (no ring)
MPRegen 0.08/turn               (no ring)

@: no status effects
A: (nimble swimmer 2), mertail
a: no special abilities


You were on level 1 of the Dungeon.
You visited 1 branch of the dungeon, and saw 1 of its levels.

You collected 11 gold pieces.

Inventory:

Hand Weapons
 a - a +0 trident (weapon)
 f - a +0 club
Armour
 b - a +0 leather armour (worn)
 c - a +0 helmet (worn)


   Skills:
 + Level 2.2 Fighting
 + Level 4.8 Polearms
 + Level 2.1 Throwing
 + Level 0.1 Armour
 + Level 4.2 Dodging


You had one spell level left.
You didn't know any spells.
Your spell library was empty.

Dungeon Overview and Level Annotations

Branches:
Dungeon (1/15)

Altars:


Innate Abilities, Weirdness & Mutations

((You are very nimble when in or above water. (Stealth+, EV+, Speed+++)))
Your lower body shifts to a powerful aquatic tail in water.


Message History

You see here a poisoned dart.
You escape the ball python's grasp.
The bat barely misses you. The bat closely misses you. The bat misses you.
The bat hits you. The bat closely misses you.
The bat hits you but does no damage. The bat barely misses you.
The bat misses you. The bat hits you but does no damage.
A rat and an endoplasm come into view.
The bat hits you but does no damage. The bat closely misses you.
Found 5 gold pieces.
The bat barely misses you.
You hit the rat.
You kill the rat!
The bat hits you but does no damage. The ball python bites you.
The ball python grabs you. The ball python constricts you.
The ball python's grasp on you weakens, but your attempt to escape fails.
The bat misses you.
The ball python bites you but does no damage.
The ball python constricts you.
* * * LOW HITPOINT WARNING * * *
The bat completely misses you.
You escape the ball python's grasp.
A frilled lizard comes into view.
The bat barely misses you. The bat hits you but does no damage.
The bat barely misses you. The bat hits you but does no damage.
The bat barely misses you.
The frilled lizard hisses angrily.
The endoplasm quivers.
The bat closely misses you. The bat closely misses you.
The endoplasm completely misses you. The ball python closely misses you. x2
You barely miss the endoplasm. The bat closely misses you.
The ball python misses you. The ball python completely misses you.
The endoplasm freezes you.
You are frozen.
* * * LOW HITPOINT WARNING * * *
The bat hits you but does no damage. The endoplasm freezes you.
You are frozen.
You die...

......# #.#.# ......#
#.#r# ......###.#.#
........#.#.##########
........#.#..........#
##......#.####r......#
#......#.# #K......#
#......#.# #.Sbl...#
##......#S# #..@J.$.#
........#.# ###...#.#
.....####.# #...# #
..........# #...#
..........# #...#
..........# #####
###.......#
...........
....#####...#


You could see an endoplasm, a bat, a ball python, a kobold, a frilled lizard and
a rat.

Vanquished Creatures
  A giant cockroach (D:1)
  A goblin (D:1)
  4 hobgoblins (D:1)
  A kobold (D:1)
  A rat (D:1)
8 creatures vanquished.

Notes
Turn   | Place    | Note
-------+----------+-------------------------------------------
     0 | D:1      | Applezz the Merfolk Gladiator began the quest for the Orb.
     0 | D:1      | Reached XP level 1. HP: 16/16 MP: 1/1
    92 | D:1      | Reached XP level 2. HP: 13/22 MP: 2/2
   251 | D:1      | Frozen to death by an endoplasm

Illustrated notes

Levels and vault maps discovered:
D:1:      minmay_arrival_checkered_box, layout_basic

Action                   || total
-------------------------++-------
Melee: Trident           ||    16
Throw: Throwing net      ||     3
       Dart              ||     5
Armor: Leather armour    ||    21
Dodge: Dodged            ||    65
